 Dungeon Crawl Stone Soup version 0.31-a0-1469-gd420192249 (webtiles) character file.

Game seed: 6233035217880590680

82 BigPumpCobain the Ruffian (level 4, -3/63 HPs)
             Began as a Troll Shapeshifter on Dec 28, 2023.
             Slain by a gnoll
             ... wielding a +0 flail
              (4 damage)
             ... on level 3 of the Dungeon.
             The game lasted 00:01:42 (1439 turns).

BigPumpCobain the Ruffian (Troll Shapeshifter)      Turns: 1439, Time: 00:01:43

Health: -3/63      AC: 22    Str: 24    XL:     4   Next: 21%
Magic:  3/3        EV:  1    Int:  6    God:
Gold:   110        SH:  0    Dex:  9    Spells: 3/3 levels left

rFire   . .          .
                       - Unarmed
rCold   . . .        (no shield)
rNeg    . . .        h - melded +0 steam dragon scales
rPois   +            (helmet currently unavailable)
rElec   .            (cloak currently unavailable)
rCorr   .            (gloves unavailable)
SInv    .            (boots unavailable)
Will    .....        (no amulet)
Stlth   +            (no ring)
HPRegen 1.10/turn    (no ring)
MPRegen 0.08/turn

%: no passive effects
@: mighty, tree-form
A: stationary, stasis, torment immunity, boosted hp, large, unfitting armour,
(claws 3), regeneration 1, (shaggy fur 1), (tough skin 1)
a: no special abilities


You were on level 3 of the Dungeon.
You were a tree.
You visited 1 branch of the dungeon, and saw 3 of its levels.

You collected 110 gold pieces.

Inventory:

Armour
 h - +0 steam dragon scales (melded)
Jewellery
 l - a ring of fire
Talismans
 c - a beast talisman
 d - a flux talisman
Scrolls
 a - a scroll of identify {unknown}
 g - 2 scrolls of blinking {unknown}
 k - 2 scrolls of poison {unknown}
 n - a scroll of teleportation {unknown}
 q - a scroll of torment {unknown}
 r - a scroll of vulnerability {unknown}
 s - a scroll of revelation {unknown}
Potions
 b - 2 potions of lignification
 f - a potion of degeneration {unknown}
 i - a potion of heal wounds {unknown}
 j - a potion of haste {unknown}
 m - a potion of berserk rage {unknown}
 o - a potion of brilliance {unknown}
 p - a potion of curing {unknown}
 t - a potion of cancellation {unknown}


   Skills:
 + Level 1.7 Fighting
 + Level 2.2 Dodging
 * Level 4.2 Unarmed Combat
 - Level 3.0 Shapeshifting


You had 3 spell levels left.
You didn't know any spells.
Your spell library was empty.

Dungeon Overview and Level Annotations

Branches:
Dungeon (3/15)

Altars:
Ashenzari

Shops:
D:2 *


Innate Abilities, Weirdness & Mutations

You are a tree.
Your roots penetrate the ground, keeping you stationary.
You cannot be teleported.
You are immune to unholy pain and torment.
Your maximum health is greatly increased.
Your equipment is partially melded.
You are too large for most types of armour.
((You have claws for hands.))
Your natural rate of healing is unusually fast.
((You are covered in fur. (AC +1)))
((You have tough skin. (AC +1)))


Message History

The gnoll hits you with a +0 spear.
You scratch the gnoll.
The gnoll is moderately wounded.
The gnoll hits you with a +0 halberd! The gnoll hits you but does no damage.
You claw the gnoll!
The gnoll is almost dead.
The gnoll hits you with a +0 halberd!
* * * LOW HITPOINT WARNING * * *
The gnoll closely misses you. The gnoll barely misses you.
The gnoll hits you with a +0 flail!
* * * LOW HITPOINT WARNING * * *
You are too injured to fight recklessly!
You are too injured to fight recklessly!
You are too injured to fight recklessly!
You are too injured to fight recklessly!
You are too injured to fight recklessly!
You are too injured to fight recklessly!
You are too injured to fight recklessly!
You are too injured to fight recklessly!
You are too injured to fight recklessly!
You are too injured to fight recklessly!
You are too injured to fight recklessly!
You are too injured to fight recklessly!
You are too injured to fight recklessly!
You are too injured to fight recklessly!
You are too injured to fight recklessly!
You are too injured to fight recklessly!
You are too injured to fight recklessly!
Your transformation has ended.
You turn into a tree.
Your +0 steam dragon scales melds into your body.
Your roots penetrate the ground.
The gnoll hits you with a +0 halberd.
* * * LOW HITPOINT WARNING * * *
The gnoll hits you but does no damage. x3
It was a potion of might.
You feel very mighty all of a sudden. The gnoll hits you with a +0 halberd.
* * * LOW HITPOINT WARNING * * *
The gnoll hits you but does no damage. x2; The gnoll hits you with a +0 flail.
You die...

.......)..#.# ......
.........##.# .....
.........##.#
....#####.###
....###.....#######+####
....##....^..##.........
....#....^....#.........
....#....^>...#.gg......
................♣g......
#+##....^.^...#.g.......
....#.^..^^...#.........
....##...^...##.........
....###.....###.........
#.### ##...## ##########
#.# ##### #.# #.#


You could see 4 gnolls.

Vanquished Creatures
  2 adders (D:2)
  2 worms (D:3)
  5 orcs (D:3)
  4 endoplasms
  A giant cockroach (D:3)
  2 goblins (D:2)
  6 hobgoblins
  4 jackals (D:2)
  2 quokkas
  9 ball pythons
  A bat (D:2)
  A frilled lizard (D:1)
  7 kobolds
  4 rats
50 creatures vanquished.

Notes
Turn   | Place    | Note
-------+----------+-------------------------------------------
     0 | D:1      | BigPumpCobain the Troll Shapeshifter began the quest for
                  | the Orb.
     0 | D:1      | Reached XP level 1. HP: 18/18 MP: 0/0
   171 | D:1      | Reached skill level 1 in Fighting
   261 | D:1      | Reached XP level 2. HP: 27/27 MP: 1/1
   755 | D:2      | Found a broken altar of Ashenzari.
   831 | D:2      | Reached XP level 3. HP: 33/33 MP: 2/2
   892 | D:2      | Found a faded altar of an unknown god.
  1045 | D:2      | Found Moem's Assorted Antiques.
  1205 | D:2      | Reached skill level 4 in Unarmed Combat
  1349 | D:3      | Reached XP level 4. HP: 33/41 MP: 3/3
  1437 | D:3      | HP: 1/42 [gnoll/+0 flail (9)]
  1439 | D:3      | Slain by a gnoll

Illustrated notes

Levels and vault maps discovered:
D:1:      minmay_arrival_stone_box, layout_basic, minmay_misc_feat_x
D:2:      layout_basic, basic_altar, serial_shops, nicolae_shop_tiny_waterfront,
          nicolae_ecumenical_snake_handling
D:3:      cheibrodos_pilgrimage, layout_basic, gammafunk_temple_overflow_wave,
          nicolae_wormholes, uniq_terence

Skill      XL: |  1  2  3 |
---------------+----------+-----
Fighting       | 1 |  1.7
Dodging        | 2 |  2.2
Unarmed Combat | 4 |  4.2
Shapeshifting  | |  3.0

Action                     |  1- 3 |  4- 6 || total
---------------------------+-------+-------++-------
  Melee: Unarmed           |    85 |    22 ||   107
    Use: Potion            |       |     2 ||     2
   Stab: Sleeping          |     1 |       ||     1
 Armour: Steam dragon scal |    38 |    16 ||    54
         Skin              |       |     8 ||     8
  Dodge: Dodged            |    30 |     7 ||    37

Table legend: (Time is in decaauts)
 A = Elapsed time spent in this place.
 B = Non-inter-level travel time spent in this place.
 C = Inter-level travel time spent in this place.
 D = Time resting spent in this place.
 E = Time spent auto-exploring this place.
 F = Levels seen in this place.
 G = Mean time per level.
                   A        B        C        D        E       F      G
               +--------+--------+--------+--------+--------+-----+--------+
         Total |   1431 |   1395 |     36 |      0 |   1129 |   3 |  477.0 |
       Dungeon |   1431 |   1395 |     36 |      0 |   1129 |   3 |  477.0 |
               +--------+--------+--------+--------+--------+-----+--------+

Top non-repeatable levels by time:
     D:1: 696 daAuts
     D:2: 589 daAuts
     D:3: 145 daAuts
